AoeStats
← bullseyes

MegaRandom

506355769Analyzed
4v4 RM · 18d ago on Sep 13, 2026· 29m 50s· 8 players
Game mode
Random Map
Map size
Large (8 player)
Population
200
Speed
Normal
Resources
Standard
Victory
Conquest
Starting age
Dark Age
Ending age
Imperial Age
RankedLock teamsTeams togetherTeam positionsShared explorationLock speedFull tech treeHidden civsTurbo modeCheats
Victory
Defeat
🇨🇳 Vietnamese · China
1581
+12
🇵🇰 Malians · Pakistan
1563
+13
🇹🇼 Turks · Taiwan
1485
+16
🇩🇪 Slavs · Germany
1443
+18
🇧🇪 Lithuanians · Belgium
1569
-18
🇬🇧 Franks · United Kingdom
1552
-17
🇫🇷 Teutons · France
1432
-12
🇺🇸 Persians · United States
1428
-12
elmor
0:39 Loom
9:34 Feudal Age
10:38 Double-Bit Axe
14:59 Fletching
21:23 Castle Age
20:37 Padded Archer Armor
21:33 Crossbowman
22:28 Bodkin Arrow
22:55 Bow Saw
25:56 Leather Archer Armor
Barca4life
0:32 Loom
9:23 Feudal Age
10:07 Double-Bit Axe
12:18 Horse Collar
18:38 Forging
19:33 Scale Barding Armor
27:20 Wheelbarrow
30:12 Castle Age
28:51 Bloodlines
29:58 Gold Mining
narutoshery
0:28 Loom
7:41 Feudal Age
8:13 Double-Bit Axe
16:52 Forging
18:49 Wheelbarrow
21:51 Castle Age
20:59 Scale Barding Armor
21:06 Bloodlines
21:35 Horse Collar
21:54 Light Cavalry
24:11 Iron Casting
25:33 Gold Mining
27:24 Hand Cart
27:39 Bow Saw
27:40 Husbandry
28:24 Chain Barding Armor
只想躺赢
0:28 Loom
9:27 Feudal Age
10:54 Double-Bit Axe
17:07 Fletching
Lil Fabrice
0:29 Loom
9:44 Feudal Age
10:48 Double-Bit Axe
11:18 Horse Collar
15:16 Forging
16:29 Scale Barding Armor
20:51 Castle Age
20:30 Bloodlines
20:22 Gold Mining
22:06 Chain Barding Armor
24:30 Wheelbarrow
26:01 Iron Casting
Gene_Parmesan__
0:29 Loom
8:13 Feudal Age
9:22 Double-Bit Axe
18:10 Scale Barding Armor
24:18 Castle Age
22:41 Stone Mining
22:43 Gold Mining
26:00 Chain Barding Armor
26:34 Bow Saw
bullseyes
0:30 Loom
8:46 Feudal Age
9:33 Double-Bit Axe
10:50 Town Watch
12:00 Horse Collar
13:18 Fletching
25:41 Castle Age
25:40 Padded Archer Armor
25:48 Elite Skirmisher
26:25 Bodkin Arrow
Danilo Solari
0:30 Loom
8:05 Feudal Age
8:31 Town Watch
Connection lost

Rejoining the realm…

Still unreachable

The connection could not be restored.

Session expired

The server has moved on; the page needs a fresh start.